[Event "Late-Titled-Tuesday-Blitz-March-12-2024"]
[Site "Chess.com"]
[Date "2024.03.12"]
[Round "2"]
[White "The_Machine04"]
[Black "crazyluzhinTh3"]
[Result "1-0"]
[WhiteElo "2813"]
[BlackElo "2570"]
[TimeControl "180+1"]
[EndTime "14:16:43 PDT"]
[Termination "The_Machine04 won by resignation"]

1. d4 d6 2. Nf3 Bg4 3. Nbd2 Nd7 4. e4 Ngf6 5. Bd3 e5 6. c3 c6 7. h3 Bh5 8. Nf1 Be7 9. Ng3 Bg6 10. O-O O-O 11. Qe2 Re8 12. Rd1 Qc7 13. dxe5 dxe5 14.
Nh4 Nc5 15. Nxg6 hxg6 16. Bc2 Ne6 17. Be3 Bc5 18. b4 Bb6 19. Bb3 Nf4 20. Qf3 Rad8 21.
Ne2 Nxe2+ 22. Qxe2 Nh5 23. Bg5 Rxd1+ 24. Rxd1 Nf4 25.
Qg4 Bxf2+ 26. Kxf2 Qb6+ 27. Kg3 Qe3+ 28. Kh2 Qxe4 29.
Rd7 Rf8 30. Rxb7 c5 31. Rxa7 c4 32. Bd1 Qd3 33. Bxf4 exf4 34. Qf3 Qd2 35. Ra8 Rxa8 36. Qxa8+ Kh7 37. Qf3 f5 38. a4 Kh6 39. a5 Kg5 40. a6 Qa2 41. b5 Qb2 42. a7 Qa3 43. a8=Q Qa6 1-0

[Event "Late-Titled-Tuesday-Blitz-March-12-2024"]
[Site "Chess.com"]
[Date "2024.03.12"]
[Round "2"]
[White "Alphafischer2019"]
[Black "Qingdom"]
[Result "1-0"]
[WhiteElo "2743"]
[BlackElo "2284"]
[TimeControl "180+1"]
[EndTime "14:16:45 PDT"]
[Termination "Alphafischer2019 won by resignation"]

1. e4 c5 2. d3 Nc6 3. g3 Nf6 4. Bg2 d5 5. Nd2 dxe4 6. dxe4 e5 7. Ngf3 Be7 8. O-O O-O 9. Nc4 Nd7 10. c3 b5 11. Nd6 Bxd6 12. Qxd6 Qb6 13. Be3 a5 14.
Rfd1 Re8 15. Bh3 Nf6 16. Bxc5 Qb7 17. Bg2 Bg4 18. Qd3 Rad8 19. Qe2 b4 20. h3 Bh5 21. g4 Bg6 22. Nh4 bxc3 23. bxc3 Nd7 24. Ba3 Nb6 25.
Nf5 Bxf5 26. exf5 Nc8 27. Qc4 N8a7 28. Bc5 Qc8 29. Be3 Ne7 30. Qxc8 Naxc8 31. Bc5 f6 32. Rxd8 Rxd8 33. Rb1 Kf7 34. Be4 Nd6 35. Bxd6 Rxd6 36. Rb5 Rd1+ 37. Kg2 Rc1 38. Rc5 a4 39. Rc7 Ke8 40.
Ra7 a3 41. Rxa3 Kd7 42. Ra7+ Kd6 43. a4 Ra1 44. a5 g6 45. a6 gxf5 46. gxf5 h5 47.
Ra8 Nd5 48. Rd8+ Kc5 49. Rxd5+ 1-0

[Event "Late-Titled-Tuesday-Blitz-March-12-2024"]
[Site "Chess.com"]
[Date "2024.03.12"]
[Round "2"]
[White "rezamahdavi2008"]
[Black "GlavkonVVS"]
[Result "1-0"]
[WhiteElo "2863"]
[BlackElo "2586"]
[TimeControl "180+1"]
[EndTime "14:16:49 PDT"]
[Termination "rezamahdavi2008 won by resignation"]

1. e4 Nf6 2. e5 Nd5 3. d4 d6 4. c4 Nb6 5. f4 dxe5 6. fxe5 c5 7. d5 g6 8. Nc3 Bg7 9. Bf4 O-O 10. Qd2 e6 11. d6 Nc6 12. Nf3 Nd7 13. Qe3 Nd4 14. O-O-O Qa5 15. h4 h5 16. Bd3 a6 17. Ng5 b5 18. g4 bxc4 19. Be4 Rb8 20. gxh5 Nxe5 21. hxg6 Qb4 22. Rd2 f5 23. Bb1 Ng4 24. Qg3 Bd7 25.
h5 Nb5 26. h6 Nxh6 27. Nf7 Nxc3 28. Nxh6+ Bxh6 29. Rxh6 Nxb1 30. Rh8+ Kxh8 31. Qh4+ Kg7 32. Be5+ 1-0

[Event "Late-Titled-Tuesday-Blitz-March-12-2024"]
[Site "Chess.com"]
[Date "2024.03.12"]
[Round "2"]
[White "Grischuk"]
[Black "ansko1999"]
[Result "1-0"]
[WhiteElo "3071"]
[BlackElo "2701"]
[TimeControl "180+1"]
[EndTime "14:16:50 PDT"]
[Termination "Grischuk won on time"]

1. d4 Nf6 2. c4 e6 3. Bg5 Bb4+ 4. Nd2 h6 5. Bh4 d5 6. e3 c5 7. dxc5 g5 8. Bg3 Ne4 9. Nf3 g4 10. a3 Bxc5 11. Nxe4 dxe4 12. Qxd8+ Kxd8 13. Ne5 Ke8 14. Nxg4 Nd7 15. Ne5 Nb6 16. b4 Be7 17. c5 Nd5 18. Bb5+ Kf8 19. O-O Rg8 20. Rfc1 a6 21. Bf1 Bf6 22.
Nc4 Bxa1 23. Rxa1 Bd7 24. Nd6 Bc6 25. Be2 Ke7 26. Nxe4 f6 27. Nd6 e5 28. Bc4 Rgd8 29. h3 1-0

[Event "Late-Titled-Tuesday-Blitz-March-12-2024"]
[Site "Chess.com"]
[Date "2024.03.12"]
[Round "2"]
[White "shirovin"]
[Black "The_Straightforward_Rook"]
[Result "0-1"]
[WhiteElo "2055"]
[BlackElo "2460"]
[TimeControl "180+1"]
[EndTime "14:16:50 PDT"]
[Termination "The_Straightforward_Rook won on time"]

1. e4 c6 2. d4 d5 3. exd5 cxd5 4.
Bd3 Nc6 5. c3 Qc7 6. Ne2 e5 7.
dxe5 Nxe5 8. Bb5+ Bd7 9. Bxd7+ Qxd7 10. Bf4 Ng6 11. Bg3 Nf6 12. O-O Bc5 13. Re1 O-O 14. Nd4 Ne4 15. Nd2 Bxd4 16. Nxe4 dxe4 17. Qxd4 Qxd4 18.
cxd4 f5 19. Bd6 Rfd8 20. Be5 Rd5 21. f4 Nxe5 22. dxe5 Rd2 23. Red1 Rad8 24. Rxd2 Rxd2 25. Rb1 Kf7 26. h3 Ke6 27. g4 g6 28. a3 h5 29. gxh5 gxh5 30. b4 Rd3 31. Kg2 Rxa3 32. Rd1 Rb3 33. Rd6+ Ke7 34. Rd4 h4 35. Rc4 Kd7 36.
Rd4+ Ke6 37. Rd6+ Ke7 38. Rd4 Rg3+ 39. Kh2 Rf3 40. Rc4 Kd7 41. Rd4+ Kc7 42. Rc4+ Kd7 43.
Rd4+ Ke7 44. Rc4 Rf2+ 45. Kg1 Rxf4 46. Rc7+ Ke6 47. Rxb7 e3 48. Rc7 Rxb4 49. Rc3 f4 50. Ra3 Kxe5 51. Rxa7 Ke4 0-1

[Event "Late-Titled-Tuesday-Blitz-March-12-2024"]
[Site "Chess.com"]
[Date "2024.03.12"]
[Round "2"]
[White "Meri-Arabidze"]
[Black "GHANDEEVAM2003"]
[Result "0-1"]
[WhiteElo "2704"]
[BlackElo "3092"]
[TimeControl "180+1"]
[EndTime "14:16:52 PDT"]
[Termination "GHANDEEVAM2003 won by resignation"]

1. d4 g6 2. c4 Bg7 3. g3 Nc6 4. Nf3 e5 5. d5 Na5 6. e4 c5 7. Nc3 d6 8. b3 f5 9. Bg2 Nf6 10.
O-O O-O 11. Ng5 Qe7 12. exf5 Bxf5 13. h3 Kh8 14. Bd2 b6 15. Qe2 Rae8 16. Rae1 Nb7 17. g4 Bc8 18. f4 Qd8 19. f5 gxf5 20.
gxf5 Qe7 21. Ne6 Rg8 22. Bg5 Qf7 23. Kh2 Nd8 24. Ne4 Nxe4 25. Qxe4 Bf6 26. Qh4 Rxg5 27.
Nxg5 Qe7 28. Qh5 Bxg5 29. f6 Bxf6 30. Rxf6 Rg8 31. Ref1 Qg7 32. Qf3 e4 33. Qf2 e3 34.
Qf3 e2 35. Re1 Ne6 36. dxe6 Bb7 37. Qf2 Qxg2+ 38. Qxg2 Rxg2+ 39. Kh1 Rg6+ 40. Kh2 Rxf6 41. Rxe2 Bc6 42. e7 Be8 43. Kg3 Kg7 44. h4 Kf7 0-1

[Event "Late-Titled-Tuesday-Blitz-March-12-2024"]
[Site "Chess.com"]
[Date "2024.03.12"]
[Round "2"]
[White "SlavenPastar"]
[Black "alexrustemov"]
[Result "0-1"]
[WhiteElo "2585"]
[BlackElo "2858"]
[TimeControl "180+1"]
[EndTime "14:16:52 PDT"]
[Termination "alexrustemov won by resignation"]

1. b3 d5 2. Bb2 Bf5 3. Nf3 Nf6 4. Nh4 Bd7 5. Nf3 h6 6. e3 Bf5 7. Bd3 Bxd3 8. cxd3 e6 9. d4 Nbd7 10. Nc3 c6 11.
Qe2 Bd6 12. d3 Qe7 13. e4 Ba3 14. O-O O-O 15. Rfe1 a5 16. exd5 Nxd5 17. Ne5 Nxc3 18. Bxc3 Nf6 19. Qd2 Bb4 20. a3 Bxc3 21. Qxc3 Rfd8 22.
Qc5 Qc7 23. b4 Rd5 24. Qc4 Rad8 25. Nf3 Ne8 26. bxa5 Nd6 27. Qb4 Qxa5 28. Rab1 Qxb4 29. Rxb4 Ra8 30. a4 Rda5 31. Ra1 f6 32. Nd2 b5 33. Rc1 Rxa4 34. Rxa4 bxa4 35. Rxc6 a3 36. Rc1 a2 37. Ra1 Nb5 38. Nb3 Nc3 39. Kf1 Rb8 40. Nd2 Rb1+ 41. Nxb1 axb1=Q+ 42. Rxb1 Nxb1 43. Ke2 Nc3+ 44. Kd2 Nd5 0-1

[Event "Late-Titled-Tuesday-Blitz-March-12-2024"]
[Site "Chess.com"]
[Date "2024.03.12"]
[Round "2"]
[White "ukchessbomber"]
[Black "nj123456"]
[Result "1-0"]
[WhiteElo "2651"]
[BlackElo "2421"]
[TimeControl "180+1"]
[EndTime "14:16:52 PDT"]
[Termination "ukchessbomber won by resignation"]

1. a3 Nf6 2. c4 e6 3. b3 d5 4. Bb2 Be7 5. Nf3 O-O 6. g3 c5 7. Bg2 Nc6 8. O-O b6 9. cxd5 Nxd5 10. d4 Bb7 11. Qd2 Nf6 12. dxc5 Bxc5 13. Nc3 Qxd2 14. Nxd2 Rfd8 15. Nc4 Rac8 16. Rfd1 Be7 17. Nb5 Rxd1+ 18. Rxd1 a6 19. Nxb6 Rd8 20. Rxd8+ Bxd8 21. Nd6 Bxb6 22.
Nxb7 Nd4 23. Bxd4 Bxd4 24. e3 Bb6 25. b4 Kf8 26. Bf1 Ke7 27. Bxa6 Kd7 28. a4 Ne4 29. a5 Bc7 30. b5 Nd6 31. Nc5+ Ke7 32. b6 Bb8 33. Bd3 Nc8 34. Bxh7 g6 35. h4 Kf6 36. h5 Kg7 37. hxg6 fxg6 38. Nxe6+ Kxh7 39. Nd8 Ne7 40. a6 Nc8 41. b7 Nd6 42. Nc6 Bc7 43. a7 Nxb7 44.
a8=Q 1-0

[Event "Late-Titled-Tuesday-Blitz-March-12-2024"]
[Site "Chess.com"]
[Date "2024.03.12"]
[Round "2"]
[White "Nick12772"]
[Black "DeArron_Fox"]
[Result "1-0"]
[WhiteElo "2365"]
[BlackElo "2545"]
[TimeControl "180+1"]
[EndTime "14:16:52 PDT"]
[Termination "Nick12772 won on time"]

1. Nf3 d5 2. g3 Nf6 3. Bg2 e6 4. O-O Be7 5. d4 O-O 6. Bf4 b6 7. c4 Bb7 8. cxd5 Nxd5 9. Bd2 Nd7 10. Nc3 c5 11. Nxd5 Bxd5 12. Bc3 Bf6 13. Rc1 Rc8 14.
b3 cxd4 15. Bxd4 Rxc1 16. Qxc1 Bxd4 17. Nxd4 Bxg2 18. Kxg2 Nc5 19. Nf3 Qa8 20. Rd1 h6 21. b4 Ne4 22. Qf4 Nc3 23. Rd2 Rd8 24. a3 Rxd2 25. Qxd2 Nd5 26. Qc2 a5 27. b5 a4 28. h4 Qa5 29. Qc6 g6 30. Ne5 Qa7 31. e4 Nf6 32. Nc4 Qd7 33. Nxb6 Qxc6 34. bxc6 1-0

[Event "Late-Titled-Tuesday-Blitz-March-12-2024"]
[Site "Chess.com"]
[Date "2024.03.12"]
[Round "2"]
[White "Synctel"]
[Black "the_blue_pill"]
[Result "0-1"]
[WhiteElo "1874"]
[BlackElo "2451"]
[TimeControl "180+1"]
[EndTime "14:16:54 PDT"]
[Termination "the_blue_pill won on time"]

1. d4 d5 2. Nf3 e6 3. e3 Nf6 4. Bd3 b6 5. Qe2 Bb7 6. Nbd2 Ne4 7. O-O Bd6 8. Ne5 O-O 9. f4 f6 10. Nef3 Nd7 11. b3 a5 12. a4 Qe7 13. Bb2 Rae8 14.
Rac1 Nxd2 15. Qxd2 e5 16. Bf5 e4 17. Ne1 g6 18. Bh3 f5 19. c4 Ba6 20. Rf2 c6 21.
Nc2 dxc4 22. bxc4 Bxc4 23. g3 Bd5 24. Ne1 Nf6 25. Bf1 Ng4 26. Rg2 Bb4 27. Qc2 Nxe3 28. Qf2 Nxg2 29. Nxg2 e3 30. Qe2 Qe4 31. Qd3 e2 32.
Qxe4 Rxe4 0-1

[Event "Late-Titled-Tuesday-Blitz-March-12-2024"]
[Site "Chess.com"]
[Date "2024.03.12"]
[Round "2"]
[White "19912131712118"]
[Black "Mops_2004"]
[Result "1-0"]
[WhiteElo "2461"]
[BlackElo "2812"]
[TimeControl "180+1"]
[EndTime "14:16:55 PDT"]
[Termination "19912131712118 won by resignation"]

1. Nf3 f5 2. d4 Nf6 3. c4 e6 4.
Nc3 Bb4 5. Bd2 b6 6. g3 Bb7 7.
Bg2 O-O 8. O-O Qe8 9. a3 Bxc3 10. Bxc3 Ne4 11. Qc2 d6 12. Rad1 Nd7 13. d5 e5 14.
Nd2 Nxc3 15. Qxc3 Qh5 16. b4 a5 17. Nb3 axb4 18. axb4 Ra3 19. Bf3 Qh6 20. Ra1 Rfa8 21. Rxa3 Rxa3 22. Ra1 Rxa1+ 23. Qxa1 e4 24. Bg2 e3 25. f4 Qf6 26. Qxf6 Nxf6 27. Nd4 Ba6 28. b5 Bc8 29. Nc6 Kf7 30. Nb4 h6 31. Nc2 g5 32. Nxe3 gxf4 33. gxf4 Nh5 34. Kf2 Nxf4 35. Bf3 Kf6 36. Nc2 Ke5 37. Ke3 Nh3 38. Nb4 Nf4 39. Nc6+ 1-0

[Event "Late-Titled-Tuesday-Blitz-March-12-2024"]
[Site "Chess.com"]
[Date "2024.03.12"]
[Round "2"]
[White "bipe137"]
[Black "SharathRk6"]
[Result "0-1"]
[WhiteElo "2548"]
[BlackElo "2375"]
[TimeControl "180+1"]
[EndTime "14:16:55 PDT"]
[Termination "SharathRk6 won by resignation"]

1. d4 Nf6 2. c4 e6 3. Nc3 Bb4 4. f3 c5 5. d5 b5 6. e4 O-O 7. e5 exd5 8. exf6 d4 9. a3 Ba5 10. b4 cxb4 11. Nd5 bxa3+ 12. Kf2 Re8 13. Bg5 g6 14. Qxd4 Nc6 15. Qh4 Bb6+ 16. Kg3 Re5 17. Ne7+ Nxe7 18. fxe7 Qe8 19. Bf6 Rh5 20. Qe4 Bc7+ 21. f4 Rb8 22. Be2 Bb7 23. Qd4 Rf5 24. Nh3 b4 25. Bg4 Bb6 26. Bxf5 Bxd4 27. Bxd4 gxf5 28.
Bf6 Be4 29. Nf2 Rb6 30. Nxe4 fxe4 31. Bh4 Re6 32. Rhb1 a5 33. Rd1 Rxe7 34. Rd5 e3 35.
Bf6 Re6 36. Rg5+ Kf8 37. Bg7+ Ke7 38. Bd4 Rg6 39. Re1 Rxg5+ 40. fxg5 Qb8+ 41. Kf3 Qb7+ 42. Kxe3 Qxg2 43. Bb6 Kd6 44. Bxa5 Qb2 45. Rd1+ Kc6 46. Rd2 Qc3+ 47. Rd3 Qxc4 48. Rd4 Qc1+ 49. Ke4 b3 0-1

[Event "Late-Titled-Tuesday-Blitz-March-12-2024"]
[Site "Chess.com"]
[Date "2024.03.12"]
[Round "2"]
[White "Fandorine"]
[Black "Alexei_Gubajdullin"]
[Result "1-0"]
[WhiteElo "2952"]
[BlackElo "2639"]
[TimeControl "180+1"]
[EndTime "14:16:56 PDT"]
[Termination "Fandorine won on time"]

1. d4 Nf6 2. c4 g6 3. Nc3 Bg7 4. e4 O-O 5. Be2 d6 6. Nf3 Na6 7. O-O e5 8. Re1 c6 9. Be3 Ng4 10. Bg5 f6 11. Bh4 g5 12. Bg3 h5 13. h4 gxh4 14. Bxh4 Qe8 15. Bg3 f5 16. exf5 Bxf5 17. c5 e4 18. cxd6 e3 19. Bxa6 bxa6 20.
fxe3 Bh6 21. e4 Bh7 22. Qb3+ Kh8 23. Be5+ Nxe5 24. Nxe5 c5 25. d7 Qe7 26. Nd5 Qd6 27. Qa3 Bxe4 28. Rxe4 Qxd5 29. Rae1 Rg8 30. Qf3 Rg7 31.
Qxh5 Kh7 32. Qf5+ 1-0

[Event "Late-Titled-Tuesday-Blitz-March-12-2024"]
[Site "Chess.com"]
[Date "2024.03.12"]
[Round "2"]
[White "N_Mullodzhanov"]
[Black "chessamical"]
[Result "1-0"]
[WhiteElo "2519"]
[BlackElo "2215"]
[TimeControl "180+1"]
[EndTime "14:16:56 PDT"]
[Termination "N_Mullodzhanov won on time"]

1. e4 e6 2. d4 d5 3. Nd2 c5 4.
Ngf3 cxd4 5. Nxd4 Nc6 6. Bb5 Bd7 7. Bxc6 bxc6 8. O-O Ne7 9. Re1 Ng6 10. e5 Qb6 11. c3 a5 12. a4 c5 13. Nc2 Qc7 14. Nf3 Be7 15. g3 Bd8 16. h4 Ne7 17. Kg2 h6 18. Qd3 Bc6 19. Be3 Bb7 20. b4 d4 21. cxd4 Qc6 22. Qb5 cxd4 23. Nxd4 Qxb5 24. Nxb5 O-O 25. Bc5 axb4 26. Bxb4 Bd5 27. Rec1 Re8 28. Nd6 Rf8 29. a5 Nc6 30. Bc5 1-0

[Event "Late-Titled-Tuesday-Blitz-March-12-2024"]
[Site "Chess.com"]
[Date "2024.03.12"]
[Round "2"]
[White "FairChess_on_YouTube"]
[Black "ChessSwole"]
[Result "1-0"]
[WhiteElo "3111"]
[BlackElo "2713"]
[TimeControl "180+1"]
[EndTime "14:16:57 PDT"]
[Termination "FairChess_on_YouTube won on time"]

1. d4 d5 2. c4 c6 3. Nf3 Nf6 4. Qc2 g6 5. cxd5 cxd5 6. Bf4 Nc6 7. Nc3 Bg7 8. e3 O-O 9. h3 Bf5 10. Qb3 Na5 11. Qb4 Rc8 12. Be2 Ne4 13. O-O Nxc3 14. bxc3 b6 15. Ba6 Ra8 16. Rfc1 Bc8 17. Bd3 Bb7 18.
h4 Rc8 19. h5 Nc4 20. a4 Qd7 21. h6 Bf6 22. Ne5 Qe6 23. Nxc4 dxc4 24. Bf1 Bd5 25. a5 Rc6 26. axb6 axb6 27. Ra7 Qf5 28. Rxe7 Bxe7 29. Qxe7 Re6 30. Qc7 g5 31. Bd6 Rfe8 32. Be5 Rxh6 33. Ra1 Rhe6 34. Bxc4 Bxc4 35. Qxc4 g4 36. Bf4 h5 37. g3 b5 38. Qc7 Qd3 39. Qc5 Qg6 40. d5 Re4 41. d6 Qe6 42.
Qg5+ Kh8 43. Qxh5+ Kg8 44. Qg5+ Qg6 45. d7 1-0

[Event "Late-Titled-Tuesday-Blitz-March-12-2024"]
[Site "Chess.com"]
[Date "2024.03.12"]
[Round "2"]
[White "Oleksandr_Bortnyk"]
[Black "LikeWater"]
[Result "1-0"]
[WhiteElo "3015"]
[BlackElo "2681"]
[TimeControl "180+1"]
[EndTime "14:16:59 PDT"]
[Termination "Oleksandr_Bortnyk won by checkmate"]

1. e4 c5 2. c3 e6 3. d4 d5 4. exd5 exd5 5. Be3 c4 6. b3 cxb3 7. axb3 Nf6 8. Bd3 Nc6 9. h3 Be7 10. Qf3 O-O 11. Ne2 Re8 12. O-O h6 13. Nd2 Bd6 14.
Nf4 Bc7 15. Rfe1 Qd6 16. b4 g5 17. Ne2 g4 18. Qf4 gxh3 19. Qxd6 Bxd6 20. gxh3 Bxh3 21. b5 Ne7 22. Bxh6 Nf5 23. Bg5 Ne4 24. Bxe4 dxe4 25. Nf4 Bxf4 26. Bxf4 Re6 27. Rxe4 Rg6+ 28.
Kh2 Bg2 29. Re5 Kg7 30. Bg3 Nh4 31. Rh5 Nf3+ 32. Kxg2 Nxd2 33. Re1 Rc8 34. Re7 Rxc3 35. Rf5 Kg8 36. Rexf7 Ne4 37. Rf8+ Kg7 38. R5f7+ Kh6 39. Rh8+ Kg5 40. f4+ Kg4 41. Rh4# 1-0

[Event "Late-Titled-Tuesday-Blitz-March-12-2024"]
[Site "Chess.com"]
[Date "2024.03.12"]
[Round "2"]
[White "Eloist"]
[Black "Mikasinski"]
[Result "1-0"]
[WhiteElo "2445"]
[BlackElo "2659"]
[TimeControl "180+1"]
[EndTime "14:16:59 PDT"]
[Termination "Eloist won by checkmate"]

1. e4 c5 2. Nf3 d6 3. Bb5+ Bd7 4.
Bxd7+ Qxd7 5. c4 Nc6 6. d4 Nf6 7. d5 Nd8 8. Nc3 e5 9. O-O Be7 10. Ne1 O-O 11. Nd3 a6 12. a4 Ne8 13. f4 f6 14. f5 Kh8 15. g4 Nc7 16. a5 Rb8 17. Be3 b5 18. axb6 Rxb6 19. b4 Rb8 20. bxc5 dxc5 21. Nxc5 Bxc5 22. Bxc5 Rf7 23. Rb1 Rc8 24. Be3 a5 25. c5 Na6 26. c6 Qd6 27. Nb5 Qf8 28. Qa4 Nc5 29. Qc4 Nd7 30. Na7 Rc7 31.
d6 Qxd6 32. Rfd1 Qf8 33. Qd5 Qe8 34. cxd7 Rfxd7 35. Qb5 h5 36. Rxd7 Rxd7 37. Qe2 Nf7 38. Nc6 Kh7 39. Rb8 Nd8 40. g5 fxg5 41. Bxg5 Rd6 42.
Rxd8 Qxc6 43. Qxh5+ Rh6 44. Bxh6 gxh6 45. Qf7# 1-0

[Event "Late-Titled-Tuesday-Blitz-March-12-2024"]
[Site "Chess.com"]
[Date "2024.03.12"]
[Round "2"]
[White "Redzishchess"]
[Black "1g60-1"]
[Result "1/2-1/2"]
[WhiteElo "2529"]
[BlackElo "2310"]
[TimeControl "180+1"]
[EndTime "14:16:59 PDT"]
[Termination "Game drawn by repetition"]

1. d4 Nf6 2. c4 e6 3. Nc3 Bb4 4. e3 b6 5. Ne2 Ba6 6. a3 Bxc3+ 7. Nxc3 d5 8. Qa4+ c6 9. cxd5 Bxf1 10. Kxf1 exd5 11.
Bd2 O-O 12. h4 Re8 13. h5 Ne4 14. Nxe4 Rxe4 15. h6 g6 16. Rc1 Re6 17. b4 b5 18.
Qb3 Nd7 19. a4 a6 20. a5 Qe7 21. g3 Nf6 22. Kg2 Ne4 23. Qd3 Re8 24. f3 Nxd2 25. Qxd2 Rxe3 26. Rc2 Rxf3 27. Re1 Rxg3+ 28. Kxg3 Qxe1+ 29. Qxe1 Rxe1 30. Rxc6 Kf8 31. Rxa6 Rb1 32. Ra8+ Ke7 33.
a6 Rxb4 34. a7 Ra4 35. Kf4 Rxd4+ 36. Ke5 Ra4 37. Kxd5 Kf6 38. Kc5 Ra1 39. Kxb5 g5 40.
Kb6 Rb1+ 41. Kc6 Ra1 42. Kb7 Rb1+ 43. Kc7 Ra1 44. Kb6 Rb1+ 45. Kc5 Ra1 46. Kb6 1/2-1/2

[Event "Late-Titled-Tuesday-Blitz-March-12-2024"]
[Site "Chess.com"]
[Date "2024.03.12"]
[Round "2"]
[White "FMYiLiu"]
[Black "YegoryoCh"]
[Result "1-0"]
[WhiteElo "2524"]
[BlackElo "2506"]
[TimeControl "180+1"]
[EndTime "14:17:01 PDT"]
[Termination "FMYiLiu won by checkmate"]

1. d4 d5 2. Nf3 Nf6 3. e3 c5 4. dxc5 e6 5. b4 a5 6. c3 b6 7.
Bb5+ Bd7 8. Bxd7+ Nfxd7 9. a4 axb4 10. cxb4 bxc5 11. b5 Bd6 12. Bb2 O-O 13. O-O Nb6 14. Nbd2 N6d7 15. e4 Qc7 16. Qc2 Rc8 17. a5 Ne5 18.
Nxe5 Bxe5 19. b6 Bxh2+ 20. Kh1 Qc6 21. exd5 exd5 22. Kxh2 Na6 23. Nf3 Nb4 24. Qa4 Qh6+ 25. Kg1 Nd3 26. b7 Nxb2 27. Qd7 Rd8 28. bxa8=Q Rxa8 29.
Rfb1 Qf6 30. a6 h5 31. a7 Qb6 32. Qxd5 Rxa7 33. Rxa7 Qxa7 34. Qd8+ Kh7 35. Ng5+ Kg6 36. Nf3 Qa3 37. Qg5+ Kh7 38. Qxh5+ Kg8 39. Ng5 Qa2 40.
Qxf7+ Qxf7 41. Nxf7 Nd3 42. Ng5 c4 43. Rb8# 1-0

[Event "Late-Titled-Tuesday-Blitz-March-12-2024"]
[Site "Chess.com"]
[Date "2024.03.12"]
[Round "2"]
[White "Firouzja2003"]
[Black "aa175"]
[Result "1-0"]
[WhiteElo "3140"]
[BlackElo "2723"]
[TimeControl "180+1"]
[EndTime "14:17:04 PDT"]
[Termination "Firouzja2003 won on time"]

1. d4 d5 2. Bg5 h6 3. Bh4 c5 4.
e3 Nc6 5. c3 Bf5 6. dxc5 g5 7.
Bg3 e6 8. b4 Bg7 9. Bb5 Ne7 10.
Nf3 a6 11. Ba4 Bxb1 12. Rxb1 Bxc3+ 13. Kf1 Nf5 14. Qd3 Bg7 15. Be5 O-O 16. Bxg7 Kxg7 17.
g4 Nh4 18. Nxh4 gxh4 19. Kg2 Ne5 20. Qe2 f5 21. f4 h3+ 22. Kxh3 Nxg4 23. Kg3 Kh7 24.
h3 Nf6 25. Kh2 Ne4 26. Rbg1 Qh4 27. Rg2 Rg8 28. Rhg1 Rxg2+ 29. Qxg2 Qf6 30. Bd7 Kh8 31. Bxe6 Rf8 32. Bxd5 Nc3 33. Bxb7 Nxa2 34. Qxa2 Qe7 35. Qg2 1-0

[Event "Late-Titled-Tuesday-Blitz-March-12-2024"]
[Site "Chess.com"]
[Date "2024.03.12"]
[Round "2"]
[White "Angry_Twin"]
[Black "Yeritsyaan"]
[Result "1-0"]
[WhiteElo "2956"]
[BlackElo "2647"]
[TimeControl "180+1"]
[EndTime "14:17:04 PDT"]
[Termination "Angry_Twin won by resignation"]

1. e4 c5 2. Nf3 d6 3. Bb5+ Bd7 4.
Bxd7+ Qxd7 5. c4 Nf6 6. Nc3 g6 7. d4 cxd4 8. Nxd4 Bg7 9. f3 O-O 10. Be3 Nc6 11. b3 a6 12. a4 Rac8 13. O-O Nxd4 14.
Bxd4 Qc6 15. Rb1 Rfd8 16. Kh1 e6 17. Qd2 d5 18. cxd5 exd5 19. e5 Nd7 20. f4 Nc5 21.
Ne2 Ne6 22. f5 Nxd4 23. Nxd4 Qc3 24. Qf4 Re8 25. f6 Bf8 26. e6 Qc7 27. e7 Bxe7 28.
fxe7 Qxf4 29. Rxf4 Rxe7 30. h3 Rc3 31. Rf6 Re4 32.
Nf3 Rb4 33. Rd6 Rcxb3 34. Rxb3 Rxb3 35. Rxd5 b5 36. axb5 axb5 37. Rd8+ Kg7 38. Rd7 Kf6 39. Rd6+ Ke7 40. Rb6 h6 41. Ne5 b4 42. Kh2 Rb1 43.
Nc6+ Kf6 44. Nxb4+ Kg7 45. Nd5 Rd1 46. Ne3 Rd7 47.
Nc4 Re7 48. Kg3 h5 49. Kf3 Rc7 50. Nd6 Rd7 51. Ne4 Ra7 52. Ng5 Re7 53. Rc6 Ra7 54. Ne4 Re7 55. Kf4 Ra7 56. Rd6 Rb7 57. Nc5 Rb5 58. Rc6 Rb4+ 59. Kf3 Rb3+ 60. Nxb3 1-0

[Event "Late-Titled-Tuesday-Blitz-March-12-2024"]
[Site "Chess.com"]
[Date "2024.03.12"]
[Round "2"]
[White "Danito1954"]
[Black "pooh2012"]
[Result "0-1"]
[WhiteElo "2289"]
[BlackElo "2536"]
[TimeControl "180+1"]
[EndTime "14:17:04 PDT"]
[Termination "pooh2012 won by resignation"]

1. e4 e5 2. Nf3 Nc6 3. Bc4 Be7 4. d4 exd4 5. c3 d6 6. h3 Nf6 7. cxd4 Nxe4 8. Nc3 Nf6 9. O-O O-O 10. Re1 d5 11. Bb3 h6 12. Bf4 Bb4 13. Qd3 Ne4 14. Nxd5 Bxe1 15.
Qxe4 Re8 16. Qd3 Ba5 17. Bc2 Qxd5 18. Qh7+ Kf8 19. Qh8+ Ke7 20. Qxg7 Bxh3 21. Qxh6 Be6 22. Bb3 Qf5 23. d5 Rh8 24. Bg5+ Kd6 25. Bf4+ Kc5 26. Be3+ Kb5 27. a4+ Kb4 28. Bd2+ Kc5 29. Qe3+ Kd6 30. dxe6 Bxd2 31. Qxd2+ Ke7 32. Qd7+ Kf8 33. Re1 Re8 34.
e7+ Nxe7 35. Rxe7 Qb1+ 36. Bd1 Rxe7 37. Qd8+ Re8 38. Qd2 Qh7 39. Qb4+ Re7 0-1

[Event "Late-Titled-Tuesday-Blitz-March-12-2024"]
[Site "Chess.com"]
[Date "2024.03.12"]
[Round "2"]
[White "ACollins05"]
[Black "KaydenTroffChess"]
[Result "0-1"]
[WhiteElo "2573"]
[BlackElo "2818"]
[TimeControl "180+1"]
[EndTime "14:17:05 PDT"]
[Termination "KaydenTroffChess won on time"]

1. d4 Nf6 2. c4 g6 3. Nc3 d5 4. Nf3 Bg7 5. Qb3 dxc4 6. Qxc4 O-O 7. e4 a6 8. Be2 b5 9. Qb3 c5 10. dxc5 Be6 11. Qc2 Nbd7 12. Be3 Rc8 13. Rd1 b4 14. Nd5 Bxd5 15. exd5 Nxc5 16. O-O Qd6 17. Qc4 a5 18.
Rc1 Nfd7 19. Rc2 h6 20. Rfc1 Na4 21. Qb5 Rxc2 22. Rxc2 Nxb2 23. Qxa5 Ne5 24. Bc5 Nxf3+ 25. Bxf3 Qe5 26. Re2 Qf5 27. Be4 Qg5 28. Qxb4 Rc8 29. Be3 Qe5 30. Bf3 Nd3 31. Qb3 Qa1+ 0-1

[Event "Late-Titled-Tuesday-Blitz-March-12-2024"]
[Site "Chess.com"]
[Date "2024.03.12"]
[Round "2"]
[White "DryCounty"]
[Black "stasOR4ik"]
[Result "1-0"]
[WhiteElo "2632"]
[BlackElo "2424"]
[TimeControl "180+1"]
[EndTime "14:17:05 PDT"]
[Termination "DryCounty won by resignation"]

1. e4 c6 2. d4 d5 3. Nc3 dxe4 4. Nxe4 Nf6 5. Ng3 h5 6. h4 Nbd7 7. Nf3 e6 8. Bc4 Be7 9. c3 Nd5 10. Bg5 b5 11. Bb3 Bb7 12. Qd2 c5 13. Ne4 c4 14.
Nd6+ Bxd6 15. Bxd8 Rxd8 16. Bc2 Bf4 17. Qe2 Bh6 18. g3 O-O 19. O-O Rfe8 20. Ng5 f6 21. Bh7+ Kh8 22. Nf7+ Kxh7 23. Nxd8 Rxd8 24. Qxe6 Nf8 25. Qf7 Ng6 26. Qxb7 f5 27. Qxb5 f4 28. Kh2 Rd6 29. Rae1 Nf6 30. Kg2 fxg3 31. fxg3 Rb6 32. Qxc4 Rxb2+ 33. Re2 Ng4 34. Rf3 Rb6 35. Qd3 a5 36. a4 Rb3 37. d5 Bc1 38. d6 Kh6 39. d7 N6e5 40. Rxe5 Nxe5 41. Qd6+ Ng6 42. d8=Q Rb2+ 43.
Kf1 1-0

[Event "Late-Titled-Tuesday-Blitz-March-12-2024"]
[Site "Chess.com"]
[Date "2024.03.12"]
[Round "2"]
[White "Flaccidmoves"]
[Black "NelsonLinda"]
[Result "0-1"]
[WhiteElo "2420"]
[BlackElo "2624"]
[TimeControl "180+1"]
[EndTime "14:17:05 PDT"]
[Termination "NelsonLinda won on time"]

1. d4 Nf6 2. c4 c6 3. Nc3 d5 4. Nf3 e6 5. e3 Nbd7 6. Qc2 Bd6 7. b3 O-O 8. Bd3 e5 9. dxe5 Nxe5 10. Nxe5 Bxe5 11.
O-O dxc4 12. bxc4 Qe7 13. Bb2 Ng4 14. h3 Qh4 15. Ne4 f5 16. Ng3 Nxe3 17. fxe3 Qxg3 18. Bxe5 Qxe5 19. Qf2 Be6 20. Rab1 b6 21. Qf4 Qxf4 22. exf4 c5 23. Rfe1 Kf7 24. Re5 g6 25. Rbe1 Rfe8 26. Kf2 Rad8 27. R1e3 Bd7 28. Bc2 Rxe5 29. Rxe5 Be6 30.
Ke3 Bxc4 31. g4 fxg4 32. hxg4 Bxa2 33. f5 g5 34. f6 Re8 35. Rxe8 Kxe8 36. Bxh7 Kf7 0-1